 Dungeon Crawl Stone Soup version 0.30.1-9-gdf580d7c3d (webtiles) character file.

Game seed: 8874816583743041840

2070 KittyFluff the Covered (level 9, -2/55 HPs)
             Began as a Gargoyle Berserker on Oct 10, 2023.
             Was a Priest of Trog.
             Slain by a manticore (6 damage)
             ... on level 7 of the Dungeon.
             The game lasted 00:22:26 (4960 turns).

KittyFluff the Covered (Gargoyle Berserker)         Turns: 4960, Time: 00:22:27

Health: -2/55      AC: 16    Str: 23    XL:     9   Next: 26%
Magic:  9/9        EV: 13    Int:  9    God:    Trog [***...]
Gold:   386        SH:  5    Dex: 11    Spells: 8/8 levels left

rFire   + . .        a - +0 mace
rCold   . . .        (no shield)
rNeg    + . .        m - +1 toga "Victory" {*Victory Int+1 Slay+1 Clar}
rPois   ∞            k - +2 helmet
rElec   +            x - +0 cloak
rCorr   .            (no gloves)
SInv    .            t - +0 pair of boots
Will    .....        r - amulet of reflection
Stlth   +            e - ring of protection from fire
HPRegen 0.29/turn    (no ring)
MPRegen 0.11/turn

%: reflection, clarity
@: no status effects
A: sickness immunity, AC +6, negative energy resistance 1, electricity
resistance, torment resistance 1, petrification resistance
a: Renounce Religion, Berserk, Trog's Hand


You were on level 7 of the Dungeon.
You worshipped Trog.
Trog was most pleased with you.
You visited 1 branch of the dungeon, and saw 7 of its levels.

You collected 386 gold pieces.

Inventory:

Hand Weapons
 a - a +0 mace (weapon)
 u - a +0 sling
 w - a +0 shortbow
Missiles
 z - 2 boomerangs (quivered)
Armour
 h - a scarf of invisibility
 k - a +2 helmet (worn)
 m - the +1 toga "Victory" (worn) {*Victory Int+1 Slay+1 Clar}
   (You found it on level 6 of the Dungeon)

   *Victory:  When the wearer kills a threatening monster, it has a chance to
   gain +1 AC, +1 Slay, and +1 Int, capping at +7.
   When the wearer uses a scroll or a potion with a hostile monster in sight,
   its bonuses reset to +0.
   Unequipping it also resets its bonuses to +0.
   Int:       It affects your intelligence (+1).
   Slay:      It affects your accuracy & damage with ranged weapons and melee
   (+1).
   Clar:      It protects you from confusion, rage, mesmerisation and fear.
 t - a +0 pair of boots (worn)
 x - a +0 cloak (worn)
Jewellery
 e - a ring of protection from fire (left hand)
 r - an amulet of reflection (around neck)
Wands
 b - a wand of flame (20)
 B - a wand of charming (4)
Scrolls
 c - a scroll of silence
 d - 3 scrolls of enchant armour {unknown}
 f - a scroll of butterflies
 i - a scroll of brand weapon
 n - 2 scrolls of teleportation {unknown}
 o - 6 scrolls of fog
 s - 2 scrolls of enchant weapon {unknown}
 y - 2 scrolls of poison
Potions
 g - 2 potions of lignification
 j - a potion of heal wounds
 l - 2 potions of flight
 p - a potion of invisibility
 q - a potion of magic {unknown}
 v - a potion of cancellation {unknown}
 A - a potion of mutation {unknown}
 C - a potion of curing {unknown}
 D - a potion of ambrosia {unknown}


   Skills:
 + Level 6.2 Fighting
 * Level 7.5 Maces & Flails
 * Level 7.8 Armour
 + Level 4.3 Dodging


You had 8 spell levels left.
You didn't know any spells.
Your spell library was empty.

Dungeon Overview and Level Annotations

Branches:
Dungeon (7/15)             Temple (0/1) D:4

Altars:
Cheibriados
Elyvilon
Sif Muna
Xom


Innate Abilities, Weirdness & Mutations

You are immune to sickness and miasma.
Your stone body is resilient. (AC +6)
You are immune to poison.
You resist negative energy. (rN+)
You are resistant to electric shocks. (rElec)
You are resistant to unholy torment.
You are immune to petrification.


Message History

You barely miss the manticore. Your punch misses the manticore.
The manticore is moderately wounded.
The manticore bites you!
The manticore claws you but does no damage. x2
You hit the manticore.
The manticore is moderately wounded.
The manticore closely misses you. The manticore claws you. x2
You barely miss the manticore.
The manticore is moderately wounded.
The manticore barely misses you. You block the manticore's attack.
The manticore claws you but does no damage.
You sock the manticore!
The manticore is heavily wounded.
You carefully extract the barbed spikes from your body.
You block the manticore's attack. The manticore barely misses you.
You block the manticore's attack.
You hit the manticore.
The manticore is severely wounded.
The manticore closely misses you. x2
The manticore claws you but does no damage.
You hit the manticore.
The manticore is severely wounded.
You block the manticore's attack.
The manticore claws you but does no damage.
The manticore barely misses you.
You hit the manticore.
The manticore is severely wounded.
The manticore closely misses you. The manticore misses you.
The manticore claws you but does no damage.
You hit the manticore.
The manticore is almost dead.
The manticore bites you! The manticore claws you.
* * * LOW HITPOINT WARNING * * *
The manticore misses you.
You hit the manticore but do no damage.
The manticore is almost dead.
The manticore bites you!
* * * LOW HITPOINT WARNING * * *
The manticore claws you.
You die...

#.........#.......#.....H
#........#.............~.P~~
###~P~..#..............SP~~~
#.~~♣.#...>............~~≈♣
###~♣~♣##.............>..P~~≈
##......#.........>)......~P~♣
#...#.....................PPPP
#.......#####..............P~~
#...#..## ##..@H...........#
#...#..# ##.............##
#......# #####.........#
#......# #.........# #...####
#.........# #...# ##..[....##
#...# ##.....## #...# #######
#####


You could see a manticore.

Vanquished Creatures
  Grinder (D:3)
  Sigmund (D:3)
  A steam dragon (D:4)
  A water moccasin (D:6)
  A black bear (D:6)
  A sky beast (D:6)
  An ice beast (D:5)
  2 phantoms
  2 centaurs
  A bullfrog (D:7)
  2 scorpions (D:5)
  3 wights (D:6)
  A jelly (D:6)
  A hound (D:6)
  3 orc priests (D:3)
  4 iguanas
  2 orc wizards
  A sleepcap (D:6)
  Robin (D:3)
  10 adders
  A shadow imp (D:5)
  2 worms
  3 dart slugs
  9 orcs
  9 ball pythons
  7 endoplasms
  5 giant cockroaches
  14 hobgoblins
  2 jackals (D:1)
  5 quokkas
  3 bats (D:1)
  3 frilled lizards
  12 goblins
  7 kobolds
  5 rats
127 creatures vanquished.

Notes
Turn   | Place    | Note
-------+----------+-------------------------------------------
     0 | D:1      | KittyFluff the Gargoyle Berserker began the quest for the
                  | Orb.
     0 | D:1      | Reached XP level 1. HP: 14/14 MP: 1/1
    33 | D:1      | Reached XP level 2. HP: 10/19 MP: 2/2
   227 | D:1      | Reached XP level 3. HP: 21/23 MP: 3/3
   328 | D:1      | Reached ** piety under Trog
   636 | D:2      | Reached XP level 4. HP: 9/28 MP: 4/4
  1178 | D:3      | Found a white marble altar of Elyvilon.
  1212 | D:3      | Noticed Robin
  1262 | D:2      | Reached *** piety under Trog
  1384 | D:3      | Killed Robin
  1385 | D:3      | Reached XP level 5. HP: 27/33 MP: 5/5
  1437 | D:3      | Noticed Grinder
  1443 | D:3      | Paralysed by Grinder for 3 turns
  1454 | D:3      | Paralysed by Grinder for 5 turns
  1465 | D:3      | Killed Grinder
  1466 | D:3      | Reached XP level 6. HP: 38/38 MP: 6/6
  1640 | D:3      | Noticed Sigmund
  1660 | D:3      | Killed Sigmund
  1661 | D:3      | Reached skill level 5 in Maces & Flails
  1661 | D:3      | Reached skill level 5 in Armour
  1661 | D:3      | Reached XP level 7. HP: 35/44 MP: 7/7
  2286 | D:4      | Noticed a steam dragon
  2304 | D:4      | HP: 2/66 [steam dragon (3)]
  2305 | D:4      | Killed a steam dragon
  2309 | D:4      | Reached skill level 5 in Fighting
  2543 | D:4      | Found a snail-covered altar of Cheibriados.
  2600 | D:4      | Found a shimmering blue altar of Sif Muna.
  2750 | D:4      | Reached XP level 8. HP: 49/49 MP: 8/8
  2759 | D:4      | Found a shimmering altar of Xom.
  2784 | D:4      | Found a staircase to the Ecumenical Temple.
  2877 | D:5      | Entered Level 5 of the Dungeon
  3822 | D:6      | HP: 3/76 [wight/+0 halberd (2)]
  4044 | D:6      | Found the +0 toga "Victory" {*Victory Clar}
  4133 | D:6      | Reached XP level 9. HP: 44/55 MP: 9/9
  4934 | D:7      | Noticed a manticore
  4960 | D:7      | Slain by a manticore

Illustrated notes

Levels and vault maps discovered:
D:1:      psy_arrival_whirlpool, layout_rooms, corner_web_ring
D:2:      layout_loops_ring
D:3:      layout_rooms, mainiacjoe_overflow_small_starburst, uniq_grinder,
          uniq_robin, uniq_sigmund
D:4:      layout_rooms, mainiacjoe_overflow_brackets, xom_butterflies,
          kennysheep_slug_shrine, minmay_temple_entry_large_hall,
          minmay_gold_behind_fungi, nicolae_figureground_sparkle
D:5:      layout_basic, kennysheep_dice
D:6:      mumra_celtic_spiral_tile, layout_loops_corners,
          chequers_serial_rivers_micro_e
D:7:      layout_rooms, serial_bayou, serial_bayou_shore_b, serial_bayou_pond_d,
          serial_bayou_lagoon_a, serial_bayou_pond_a

Skill      XL: |  1  2  3  4  5  6  7  8  9 |
---------------+----------------------------+-----
Armour         | 3 4 5 7 |  7.8
Dodging        | 2 3 4 |  4.3
Fighting       | 4 5 6 |  6.2
Maces & Flails | 4 5 7 |  7.5

Action                     |  1- 3 |  4- 6 |  7- 9 || total
---------------------------+-------+-------+-------++-------
  Melee: Mace              |   140 |   122 |   357 ||   619
         Punch             |     1 |     1 |     3 ||     5
  Throw: Boomerang         |       |       |     5 ||     5
 Invoke: Berserk           |     1 |     2 |     3 ||     6
    Use: Scroll            |       |       |    10 ||    10
   Stab: Sleeping          |       |       |     1 ||     1
 Armour: Animal skin       |    52 |    66 |   113 ||   231
         Robe              |       |       |    48 ||    48
  Dodge: Dodged            |   109 |    93 |   204 ||   406
  Block: Other             |       |       |    70 ||    70
         Reflection        |       |       |     3 ||     3
